 Dungeon Crawl Stone Soup version 0.29.1-15-g9cfb28693d (webtiles) character file.

Game seed: 2949331291105117586

28 Peloso the Trooper (level 2, -4/27 HPs)
             Began as a Minotaur Fighter on Mar 5, 2023.
             Killed by nerve-wracking pain
             ... invoked by Grinder
              (8 damage)
             ... on level 3 of the Dungeon.
             The game lasted 00:02:25 (1620 turns).

Peloso the Trooper (Minotaur Fighter)               Turns: 1620, Time: 00:02:26

Health: -4/27      AC:  7    Str: 18 (20) XL:     2   Next: 96%
Magic:  1/1        EV:  9    Int:  3 (5)  God:
Gold:   225        SH:  4    Dex:  6 (9)  Spells: 1/1 levels left

rFire   . . .      SeeInvis .   a - +0 long sword (freeze)
rCold   . . .      Faith    .   c - +0 buckler
rNeg    . . .      Spirit   .   b - +0 scale mail
rPois   .          Reflect  .   (helmet restricted)
rElec   .          Harm     .   (no cloak)
rCorr   .          Rampage  .   (no gloves)
Will    .....                   (no boots)
Stlth   ..........              (no amulet)
HPRegen 0.09/turn               (no ring)
MPRegen 0.07/turn               (no ring)

@: no status effects
A: horns 2, retaliatory headbutt
a: no special abilities


You were on level 3 of the Dungeon.
You visited 1 branch of the dungeon, and saw 3 of its levels.

You collected 225 gold pieces.

Inventory:

Hand Weapons
 a - a +0 long sword of freezing (weapon)
Armour
 b - a +0 scale mail (worn)
 c - a +0 buckler (worn)
Scrolls
 f - 2 scrolls of teleportation
 g - a scroll of enchant armour
 m - a scroll of noise {unknown}
Potions
 d - a potion of might
 e - a potion of ambrosia
 i - a potion of heal wounds
 j - a potion of mutation
 k - a potion of cancellation
 l - a potion of haste
 n - a potion of curing {unknown}


   Skills:
 + Level 4.0 Fighting
 + Level 2.9 Long Blades
 + Level 4.0 Armour
 + Level 0.2 Dodging
 + Level 4.0 Shields


You had one spell level left.
You didn't know any spells.
Your spell library was empty.

Dungeon Overview and Level Annotations

Branches:
Dungeon (3/15)

Altars:
Cheibriados
Qazlal

Annotations:
D:3 Grinder


Innate Abilities, Weirdness & Mutations

You have a pair of horns on your head.
You reflexively headbutt those who attack you in melee.


Message History

Grinder is lightly wounded.
Grinder blinks!
Grinder grins, showing sharp teeth.
Grinder attacks as you move away! Grinder barely misses you.
You see here 9 stones.
You closely miss Grinder. Your headbutt misses Grinder.
Grinder is lightly wounded.
Grinder misses you. You furiously retaliate!
You headbutt Grinder! You closely miss Grinder.
Grinder is moderately wounded.
Grinder blinks!
Things that are here:
a +0 short sword; 5 stones You slash Grinder!
Your headbutt misses Grinder.
Grinder is moderately wounded.
Grinder closely misses you. You furiously retaliate!
You headbutt Grinder. You closely miss Grinder.
Grinder is heavily wounded.
Grinder hits you. You block Grinder's attack.
You barely miss Grinder. Your headbutt misses Grinder.
Grinder is heavily wounded.
Grinder hits you.
You writhe in agony.
You hit Grinder.
Grinder is severely wounded.
You block Grinder's attack.
You closely miss Grinder.
Grinder is severely wounded.
Grinder barely misses you. You furiously retaliate!
You headbutt Grinder. Grinder gestures at you. Pain shoots through your body!
* * * LOW HITPOINT WARNING * * *
You barely miss Grinder. Your headbutt misses Grinder.
Grinder is severely wounded.
Grinder hits you.
* * * LOW HITPOINT WARNING * * *
You barely miss Grinder.
Grinder is severely wounded.
Grinder gestures at you. Pain shoots through your body!
You die...

..>....###.###########.......#
####.........................#
#.#####.......###.<.......#
#.# #######.# #.##......#
####'## #.# #.##......#
......# #.# #.##......#
......# #.# #.##......#
......# #5# #.#########
......# #@# #.# ##.### ......#
#)# #.. ...( ......#
####.########.# ..##+##
#............†# #..#.#
####'##......K..........
#....#
#.....#########..#§.#.##
#..##### #.....# #..#..#
'......# #.....#### #.....#
#.####.# ####+#...# #K.....


You could see Grinder.

Vanquished Creatures
  A dart slug (D:3)
  3 endoplasms
  3 giant cockroaches
  3 hobgoblins
  2 kobolds
  A ball python (D:1)
  3 bats
  2 frilled lizards (D:2)
  2 goblins
  5 rats
  A toadstool (D:2)
26 creatures vanquished.

Vanquished Creatures (others)
  3 fungi (D:2)
  4 toadstools (D:2)
7 creatures vanquished.

Grand Total: 33 creatures vanquished

Notes
Turn   | Place    | Note
-------+----------+-------------------------------------------
     0 | D:1      | Peloso the Minotaur Fighter began the quest for the Orb.
     0 | D:1      | Reached XP level 1. HP: 19/19 MP: 0/0
    17 | D:1      | Found a faded altar of an unknown god.
   740 | D:2      | Reached XP level 2. HP: 27/27 MP: 1/1
  1416 | D:3      | Found a snail-covered altar of Cheibriados.
  1460 | D:3      | Found a stormy altar of Qazlal.
  1500 | D:3      | Found a faded altar of an unknown god.
  1583 | D:3      | Noticed Grinder
  1604 | D:3      | Paralysed by Grinder for 2 turns
  1620 | D:3      | Killed from afar by Grinder

Illustrated notes

Levels and vault maps discovered:
D:1:      sevenhm_arrival_forest_fort_small_5, layout_basic,
          hellmonk_ecumenical_altar_lost_god, kennysheep_decorative_pillar,
          minivault_11
D:2:      layout_basic, minmay_gold_behind_fungi
D:3:      corexii_shack_village, layout_basic, mainiacjoe_overflow_alcove_4,
          lemuel_doored_altar, nicolae_overflow_ecumenical_swirl, uniq_grinder

Skill      XL: |  1  2 |
---------------+-------+-----
Fighting       | 4 |  4.0
Shields        | 4 |  4.0
Armour         | 4 |  4.0
Long Blades    | |  2.9
Dodging        | |  0.2

Action                   || total
-------------------------++-------
Melee: Long sword        ||    62
       Headbutt          ||     7
  Use: Scroll            ||     8
       Potion            ||     2
Armor: Scale mail        ||    28
Dodge: Dodged            ||    30
Block: Buckler           ||    11
